 Dungeon Crawl Stone Soup version 0.27-a0-203-gd48b2df3c9 (webtiles) character file.

Game seed: 2570814080677185219

17483 sanka the Unseen (level 12, 0/63 HPs)
             Began as a Spriggan Enchanter on Jan 30, 2021.
             Was the Champion of Ru.
             Slain by a spectral boulder beetle (17 damage)
             ... in a Gauntlet.
             The game lasted 00:42:23 (18926 turns).

sanka the Unseen (Spriggan Enchanter)              Turns: 18926, Time: 00:42:23

Health: 0/63       AC:  4    Str:  4    XL:     12   Next: 19%
Magic:  18/22      EV: 34    Int: 20    God:    Ru [******]
Gold:   773        SH:  5    Dex: 28    Spells: 11/23 levels left

rFire    x . .     SeeInvis +   a - +0 dagger (drain)
rCold    x . .     Faith    .   (shield restricted)
rNeg     . . .     Spirit   .   J - +2 robe {Archmagi}
rPois    .         Reflect  +   (helmet restricted)
rElec    .         Harm     .   (no cloak)
rCorr    .         Rampage  .   (gloves unavailable)
Will     ++...     NoTele   +   (boots unavailable)
Stlth    +++++++...             L - amulet of reflection
HPRegen  0.20/turn              u - +6 ring of dexterity
MPRegen  0.18/turn              O - +6 ring of intelligence

@: confusing touch, slowed, quick
A: very small, unfitting armour, see invisible, dopey 1, speed 3, inability to
train armour, disrupted magic 1, inexperienced 1, temperature sensitive
a: Renounce Religion, Draw Out Power, Power Leap, Apocalypse


You were in a Gauntlet.
You worshipped Ru.
Ru was exalted by your worship.
You visited 2 branches of the dungeon, and saw 14 of its levels.
You also visited: Ossuary and Gauntlet.

You collected 773 gold pieces.


Innate Abilities, Weirdness & Mutations

You are very small and have problems with some larger weapons.
You are too small for most types of armour.
You have supernaturally acute eyesight. (SInv)
You are dopey. (Int -2)
You cover ground extremely quickly.
You cannot train Armour skill.
Your casting is slightly disrupted.
You are somewhat inexperienced. (-2 XL)
You are sensitive to extremes of temperature. (rF-, rC-)


   Skills:
 + Level 7.5 Fighting
 - Level 8.0 Short Blades
 + Level 13.7 Dodging
 - Level 15.0 Stealth
 - Level 6.0 Spellcasting
 + Level 10.8 Hexes


You had 11 spell levels left.
You knew the following spells:

 Your Spells              Type           Power        Failure   Level
x - Confusing Touch       Hex            65%          1%          3
y - Dazzling Flash        Conj/Hex       82%          5%          3
z - Ensorcelled Hibernat  Hex/Ice        82%          3%          2
X - Tukima's Dance        Hex            65%          1%          3
Z - Corona                Hex            72%          1%          1

Your spell library contained the following spells:

 Spells                   Type           Power        Failure   Level
 Animate Skeleton         Necr           18%          16%         1
 Apportation              Tloc           18%          16%         1
 Summon Small Mammal      Summ           36%          16%         1

Inventory:

Hand Weapons
 a - a +0 dagger of draining (weapon)
 b - the +9 rapier of the Destroying Traitor {pain, rF- Will+ Str+3} In the hands of one skilled in necromantic magic, it inflicts extra damage on living creatures. It affects your strength (+3). It makes you vulnerable to fire. It affects your willpower, your defense against some magical effects.
Missiles
 E - 15 curare-tipped darts {=f}
 G - 2 throwing nets {=f}
Armour
 q - the +0 robe of the Cooper {+Fly rF+++ Will- rCorr}

   It renders you almost immune to fire.
   It affects your willpower, your defense against some magical effects.
   It lets you fly.
   It provides partial protection from all sources of acid and corrosion.
 J - a +2 robe of the Archmagi (worn)
Jewellery
 e - an uncursed ring of resist corrosion
 l - an uncursed ring of fire
 u - a +6 ring of dexterity (left hand)
 y - an uncursed ring of fire
 z - an uncursed ring of poison resistance
 L - an amulet of reflection (around neck)
 O - a +6 ring of intelligence (right hand)
 T - a +4 ring of slaying
Wands
 r - a wand of flame (12)
 x - a wand of acid (13)
 D - a wand of iceblast (43)
 F - a wand of paralysis (3)
 K - a wand of polymorph (4)
Scrolls
 d - 10 scrolls of teleportation {@r4}
 g - 3 scrolls of fear
 h - 2 scrolls of remove curse
 n - 4 scrolls of magic mapping
 v - a scroll of vulnerability {!r}
 w - 2 scrolls of blinking
 A - a scroll of summoning
 V - a scroll of fog
Potions
 k - 2 potions of resistance
 s - 6 potions of attraction {!q}
 C - 8 potions of heal wounds {@q2}

Dungeon Overview and Level Annotations

Branches:
Dungeon (11/15)            Temple (0/1) D:5            Lair (3/6) D:9
    Orc (0/2) D:10        Ossuary (visited)         Gauntlet (1/1)
  Swamp: Lair:2-4    Shoals: Lair:2-4     Snake: Lair:2-4    Spider: Lair:2-4

Altars:
Gozag
Hepliaklqana
Makhleb
Okawaru
Ru
Sif Muna
Wu Jian
Xom
Zin

Shops:
D:4 *   D:6 *   D:7 !*??   D:8 *

Annotations:
Gauntlet 17 transporters, 21 runed translucent doors, exclusion: obsidian statue

▒▒▒▒▒▒▒▒▒▒▒▒▒▒.∩.▒▒▒▒▒▒▒▒▒▒▒▒▒▒▒▒
.................................
...............©.................
▒▒▒▒▒▒▒▒▒.▒▒▒▒▒▒▒▒▒▒▒.▒▒▒▒▒▒▒▒▒▒▒
.......Q▒.▒.........▒.▒▒.......▒▒
▒▒...▒▒Q▒.▒.▒.....▒.▒.▒.▒.....▒.▒
▒.▒.▒Q▒.▒.▒..▒▒▒▒▒..▒.▒..▒...▒..▒
.▒▒.▒▒..▒.▒..▒▒.▒▒..▒.▒...▒.▒..[▒
.▒.©.▒..▒.▒....Zi...▒.▒...©▒...5▒
.▒▒.▒▒..▒.▒..▒▒.▒▒..▒.▒...▒.▒..!▒
▒.▒ ▒.▒.▒.▒..▒▒▒▒▒..▒.▒..▒...▒.3▒
▒▒...▒▒.▒.▒.▒.....▒.▒.▒.▒.....▒5▒
..... ..▒.▒..=.©!...▒.▒▒.......▒▒
▒▒▒▒ ▒▒▒▒▒▒▒▒▒▒▒▒▒▒▒▒▒▒▒▒▒▒▒▒▒▒▒▒
≈8##▒©.........©.........©▒≈≈8≈≈▒
▒▒▒▒▒▒▒▒▒▒▒▒▒▒▒▒▒▒▒▒▒▒▒▒▒▒▒▒▒▒▒▒▒
.........©▒#≈≈≈8≈≈≈≈▒©...........


You could see a spectral boulder beetle.


Message History

The death scarab barely misses itself.
The death scarab bites the spectral boulder beetle but does no damage.
The spectral boulder beetle misses you.
Unknown command.
You hit the death scarab but do no damage.
The death scarab completely misses you.
Unknown command.
You hit the death scarab but do no damage.
The death scarab closely misses you.
The spectral boulder beetle barely misses you.
You hit the death scarab but do no damage.
The death scarab bites the spectral boulder beetle but does no damage.
The spectral boulder beetle completely misses you.
You hit the death scarab but do no damage.
The death scarab misses you.
The spectral boulder beetle barely misses you.
You catch the helpless death scarab completely off-guard!
You stick the death scarab like a pincushion!!!
You destroy the death scarab!
The spectral boulder beetle bites you!!
Unknown command.
You see here a death scarab corpse.
Your hands begin to glow red.
The spectral boulder beetle completely misses you.
You completely miss the spectral boulder beetle.
The spectral boulder beetle bites you!!
* * * LOW HITPOINT WARNING * * *
You hit the spectral boulder beetle but do no damage.
The spectral boulder beetle bites you!
You die...

Action                   |  1- 3 |  4- 6 |  7- 9 | 10-12 || total
-------------------------+-------+-------+-------+-------++-------
Melee: Dagger            |    56 |   156 |   369 |   217 ||   798
 Cast: Corona            |     3 |       |       |       ||     3
       Ensorcelled Hiber |    27 |    51 |    53 |   122 ||   253
       Confusing Touch   |       |     4 |    42 |    10 ||    56
       Tukima's Dance    |       |     1 |     3 |     1 ||     5
Invok: Sacrifice Experie |       |     1 |       |       ||     1
       Sacrifice Durabil |       |       |     1 |       ||     1
       Reject Sacrifices |       |       |       |     1 ||     1
       Sacrifice Essence |       |       |       |     1 ||     1
       Sacrifice Resista |       |       |       |     1 ||     1
       Sacrifice Purity  |       |       |       |     1 ||     1
Evoke: Wand              |       |       |     6 |     6 ||    12
  Use: Scroll            |       |     4 |     5 |    10 ||    19
 Stab: Sleeping          |    26 |    42 |    65 |   111 ||   244
       Confused          |       |     3 |    41 |     9 ||    53
       Distracted        |       |     1 |     6 |     9 ||    16
       Invisible         |       |       |     2 |     1 ||     3
Armor: Robe              |    13 |    11 |    18 |     9 ||    51
Dodge: Dodged            |    54 |    93 |   220 |   180 ||   547
Block: Other             |       |       |       |     1 ||     1

Levels and vault maps discovered:
D:1:      noname_arrival_rooms_in_the_neighbourhood, layout_basic
D:2:      layout_loops_ring, marbit_many_paths, uniq_terence
D:3:      layout_basic, tgw_sif, st_stairs_14, makhleb_blood_cavern_becter
D:4:      gammafunk_steamed_eel, layout_loops_corners,
          nicolae_ru_the_path_less_chosen, enter_ossuary_4, minmay_shop_damaged,
          nicolae_gozag_cash_rules_everything_around_me, uniq_blork_the_orc
D:5:      layout_rooms, minmay_temple_entry_waves, serial_glass,
          glass_columns_c, glass_columns_a, glass_columns_a, glass_columns_b,
          glass_columns_c, uniq_edmund
D:6:      layout_loops_ring, nzn_wu_jian_council_hall, serial_shops,
          nicolae_shop_behind_doors
D:7:      layout_loops_corners, lemuel_round_altar, serial_shops,
          nicolae_shop_competitors_out_of_business, kennysheep_mini_moat,
          nicolae_shop_statue_plus, shop, uniq_harold, uniq_joseph, uniq_duvessa
D:8:      layout_layer_cave, kennysheep_okawaru_gauntlet, serial_shops, shop,
          gammafunk_ghost_nasty_kobolds
D:9:      layout_long_grid, nzn_hepliaklqana_mist_gate,
          nicolae_overflow_crystal_walls, lair_entry_dummy
D:10:     layout_big_octagon, eino_tiny_chamber, uniq_grum
D:11:     minmay_chambers_of_sixes, layout_stronghold, minmay_strange_pillars
Lair:1:   layout_hall_layers, lemuel_fruit_tree, uniq_sonja
Lair:2:   layout_regular_city, serial_bayou_shore_a, infiniplex_staircase_pool
Lair:3:   layout_gridlike, minmay_swamp_entry_worms, gauntlet_entry_generic,
          lemuel_old_faithful, serial_bayou_shore_b, uniq_gastronok, uniq_rupert
Gauntlet: gammafunk_gauntlet_one_two_three [nicolae_gauntlet_arena_blocks,
          nicolae_gauntlet_arena_x, gammafunk_gauntlet_arena_corners,
          minmay_gauntlet_arena_make_your_own_arena,
          gammafunk_gauntlet_arena_hedges, gammafunk_gauntlet_arena_mazey,
          gammafunk_gauntlet_arena_teeth, gammafunk_gauntlet_arena_open,
          gammafunk_gauntlet_arena_crates, gauntlet_exit_hidden_loot]

Notes
Turn   | Place    | Note
-------+----------+-------------------------------------------
     0 | D:1      | sanka the Spriggan Enchanter began the quest for the Orb.
     0 | D:1      | Reached XP level 1. HP: 9/9 MP: 5/5
   126 | D:1      | Reached skill level 5 in Stealth
   254 | D:1      | Reached XP level 2. HP: 13/13 MP: 3/6
   257 | D:1      | Learned a level 2 spell: Ensorcelled Hibernation
   594 | D:1      | Reached skill level 6 in Stealth
  1092 | D:2      | Reached XP level 3. HP: 16/16 MP: 8/8
  1408 | D:2      | Noticed Terence
  1416 | D:2      | Killed Terence
  1417 | D:2      | Reached skill level 7 in Stealth
  1488 | D:2      | Learned a level 3 spell: Confusing Touch
  1602 | D:2      | Reached XP level 4. HP: 21/21 MP: 0/9
  2146 | D:2      | Found a shimmering altar of Xom.
  2256 | D:2      | Reached skill level 8 in Stealth
  2784 | D:3      | Reached skill level 2 in Short Blades
  2841 | D:3      | Found a burning altar of Makhleb.
  2856 | D:3      | Reached XP level 5. HP: 19/24 MP: 5/10
  3008 | D:3      | Reached skill level 3 in Short Blades
  3049 | D:3      | Learned a level 3 spell: Tukima's Dance
  3104 | D:3      | Reached skill level 4 in Short Blades
  3690 | D:3      | Reached XP level 6. HP: 28/28 MP: 0/11
  3831 | D:3      | Noticed Jessica
  3967 | D:3      | Killed Jessica
  3968 | D:3      | Reached skill level 5 in Short Blades
  3996 | D:3      | Found a shimmering blue altar of Sif Muna.
  4240 | D:4      | Noticed Blork the orc
  4243 | D:4      | Killed Blork the orc
  4244 | D:4      | Reached skill level 3 in Spellcasting
  4244 | D:4      | Reached skill level 4 in Hexes
  4407 | D:4      | Reached skill level 5 in Hexes
  4443 | D:4      | Got a shimmering robe
  4474 | D:4      | Reached skill level 6 in Hexes
  4474 | D:4      | Reached XP level 7. HP: 24/32 MP: 6/12
  4569 | D:4      | Found a transporter.
  4570 | D:4      | Found a transporter.
  4613 | D:4      | Found a sand-covered staircase.
  4639 | D:4      | Identified the +0 robe of the Cooper {+Fly rF+++ Will-
                  | rCorr} (You found it on level 4 of the Dungeon)
  4650 | Ossuary  | Entered an ossuary
  5369 | Ossuary  | Reached skill level 7 in Hexes
  6180 | D:4      | Found an opulent altar of Gozag.
  6246 | D:4      | Found a sacrificial altar of Ru.
  6304 | D:4      | Became a worshipper of Ru the Awakened
  6337 | D:4      | Found Zuxtos Qoumn's Lightly-Used Armoury.
  6488 | D:4      | Reached skill level 8 in Hexes
  7256 | D:4      | Reached skill level 1 in Fighting
  7379 | D:4      | Reached skill level 4 in Dodging
  7456 | D:5      | Entered Level 5 of the Dungeon
  7479 | D:5      | Reached XP level 8. HP: 37/37 MP: 10/13
  7613 | D:5      | Noticed Edmund
  7636 | D:5      | Killed Edmund
  7637 | D:5      | Reached skill level 2 in Fighting
  7637 | D:5      | Reached skill level 5 in Dodging
  7673 | D:5      | Found a staircase to the Ecumenical Temple.
  7880 | D:6      | Gained mutation: You are somewhat inexperienced. (-2 XL)
                  | [Ru sacrifice]
  7880 | D:6      | Reached XP level 7. HP: 35/35 MP: 12/12
  7880 | D:6      | Reached XP level 6. HP: 30/30 MP: 11/11
  7880 | D:6      | Reached * piety under Ru
  7880 | D:6      | Reached ** piety under Ru
  7891 | D:6      | Noticed an orc warrior
  7898 | D:6      | Killed an orc warrior
  7912 | D:6      | Reached skill level 6 in Dodging
  8042 | D:6      | Noticed an orc warrior
  8048 | D:6      | Killed an orc warrior
  8049 | D:6      | Reached skill level 3 in Fighting
  8049 | D:6      | Reached XP level 7. HP: 36/36 MP: 5/12
  8074 | D:6      | Reached skill level 7 in Dodging
  8192 | D:6      | Found Wiaz's General Store.
  8331 | D:6      | Found an ornate altar of the Wu Jian Council.
  8373 | D:6      | Reached skill level 8 in Dodging
  8593 | D:7      | Reached skill level 9 in Stealth
  8713 | D:7      | Found Loigit's Distillery.
  8762 | D:7      | Noticed Joseph
  8766 | D:7      | Paralysed by Joseph for 6 turns
  8771 | D:7      | Noticed Harold
  8904 | D:7      | Found an opulent altar of Gozag.
  8950 | D:7      | Killed Joseph
  8951 | D:7      | Reached skill level 11 in Stealth
  8951 | D:7      | Reached XP level 8. HP: 32/40 MP: 10/13
  9024 | D:7      | Found Oskit's Assorted Antiques.
  9041 | D:7      | Killed Harold
  9042 | D:7      | Reached skill level 12 in Stealth
  9042 | D:7      | Reached skill level 6 in Short Blades
  9044 | D:7      | Reached XP level 9. HP: 14/44 MP: 9/14
  9320 | D:7      | Reached skill level 7 in Short Blades
  9381 | D:7      | Found Voed's Magic Scroll Shop.
  9574 | D:7      | Noticed Duvessa
  9574 | D:7      | Identified a +2 robe of the Archmagi
  9574 | D:7      | Noticed Dowan
  9589 | D:7      | Killed Duvessa
  9683 | D:7      | Reached skill level 8 in Short Blades
  9976 | D:7      | Killed Dowan
 10116 | D:7      | Found Gugaoxky's Magic Scroll Boutique.
 10686 | D:7      | Got a warped rapier
 10687 | D:7      | Identified the +9 rapier of the Destroying Traitor {pain,
                  | rF- Will+ Str+3} (You found it on level 7 of the Dungeon)
 10856 | D:7      | Gained mutation: You cannot train Armour skill. [Ru
                  | sacrifice]
 10856 | D:7      | Reached *** piety under Ru
 11374 | D:8      | Found a runed translucent gate.
 11374 | D:8      | Found a runed translucent gate.
 11374 | D:8      | Found a runed translucent gate.
 11394 | D:8      | Found Picig's General Store.
 11614 | D:8      | Noticed Borgoz's ghost (novice HaGl)
 11992 | D:8      | Found an iron altar of Okawaru.
 12263 | D:8      | Killed Borgoz's ghost
 12264 | D:8      | Reached skill level 4 in Spellcasting
 12362 | D:8      | Reached skill level 9 in Dodging
 12465 | D:8      | Reached XP level 10. HP: 49/49 MP: 14/17
 12529 | D:8      | Learned a level 3 spell: Dazzling Flash
 12675 | D:9      | Reached skill level 4 in Fighting
 12795 | D:9      | Found a staircase to the Lair.
 12892 | D:9      | Reached skill level 5 in Spellcasting
 12892 | D:9      | Reached skill level 9 in Hexes
 13106 | D:9      | Reached skill level 13 in Stealth
 13189 | D:9      | Found a hazy altar of Hepliaklqana.
 13516 | D:9      | Found a glowing silver altar of Zin.
 13766 | D:10     | Entered Level 10 of the Dungeon
 13789 | D:10     | Noticed a gargoyle
 13804 | D:10     | Killed a gargoyle
 13825 | D:10     | Found a staircase to the Orcish Mines.
 13923 | D:10     | Reached skill level 10 in Dodging
 13939 | D:10     | Reached skill level 6 in Spellcasting
 14378 | D:10     | Noticed Grum
 14397 | D:10     | Killed Grum
 14796 | D:11     | Reached skill level 5 in Fighting
 15387 | D:11     | Reached XP level 11. HP: 55/55 MP: 14/21
 15532 | D:11     | Reached skill level 10 in Hexes
 15549 | D:11     | Gained mutation: You are sensitive to extremes of
                  | temperature. (rF-, rC-) [Ru sacrifice]
 15549 | D:11     | Reached **** piety under Ru
 15549 | D:11     | Reached ***** piety under Ru
 16050 | D:11     | Reached skill level 14 in Stealth
 16053 | D:11     | Noticed a two-headed ogre
 16060 | D:11     | Killed a two-headed ogre
 16061 | D:11     | Reached skill level 11 in Dodging
 16261 | D:11     | Noticed a white ugly thing
 16263 | D:11     | Killed a white ugly thing
 16545 | Lair:1   | Entered Level 1 of the Lair of Beasts
 16622 | Lair:1   | Reached skill level 6 in Fighting
 16640 | Lair:1   | Noticed a seven-headed hydra
 16647 | Lair:1   | Killed a seven-headed hydra
 16657 | Lair:1   | Reached skill level 12 in Dodging
 16657 | Lair:1   | Reached skill level 15 in Stealth
 17047 | Lair:1   | Gained mutation: Your casting is slightly disrupted. [Ru
                  | sacrifice]
 17071 | Lair:1   | Noticed Sonja
 17078 | Lair:1   | Killed Sonja
 17079 | Lair:1   | Reached skill level 13 in Dodging
 17333 | Lair:1   | Reached skill level 7 in Fighting
 17747 | Lair:2   | Noticed a six-headed hydra
 17765 | Lair:2   | Killed a six-headed hydra
 17766 | Lair:2   | Reached XP level 12. HP: 63/63 MP: 14/22
 18391 | Lair:3   | Gained mutation: You are dopey. (Int -2) [Ru sacrifice]
 18391 | Lair:3   | Reached ****** piety under Ru
 18477 | Lair:3   | Found a gate leading to a gauntlet.
 18499 | Gauntlet | Entered a Gauntlet
 18499 | Gauntlet | Found a transporter.
 18506 | Gauntlet | Noticed a death scarab
 18509 | Gauntlet | Found a transporter.
 18523 | Gauntlet | Found a transporter.
 18525 | Gauntlet | Found a large runed translucent door.
 18526 | Gauntlet | Found a large runed translucent door.
 18527 | Gauntlet | Found a large runed translucent door.
 18527 | Gauntlet | Found a large runed translucent door.
 18527 | Gauntlet | Found a runed translucent door.
 18528 | Gauntlet | Found a transporter.
 18529 | Gauntlet | Found a runed translucent door.
 18530 | Gauntlet | Found a large runed translucent door.
 18530 | Gauntlet | Found a large runed translucent door.
 18531 | Gauntlet | Found a large runed translucent door.
 18532 | Gauntlet | Found a large runed translucent door.
 18537 | Gauntlet | Found a large runed translucent door.
 18537 | Gauntlet | Found a large runed translucent door.
 18538 | Gauntlet | Found a large runed translucent door.
 18538 | Gauntlet | Found a large runed translucent door.
 18539 | Gauntlet | Found a large runed translucent door.
 18539 | Gauntlet | Found a large runed translucent door.
 18539 | Gauntlet | Found a large runed translucent door.
 18541 | Gauntlet | Found a runed translucent gate.
 18541 | Gauntlet | Found a runed translucent gate.
 18541 | Gauntlet | Found a runed translucent gate.
 18542 | Gauntlet | Noticed a ghost crab
 18543 | Gauntlet | Found a transporter.
 18554 | Gauntlet | Found a large runed translucent door.
 18562 | Gauntlet | Found a transporter.
 18562 | Gauntlet | Noticed a death ooze
 18574 | Gauntlet | Found a transporter.
 18575 | Gauntlet | Noticed a reaper
 18580 | Gauntlet | Found a transporter.
 18582 | Gauntlet | Found a transporter.
 18599 | Gauntlet | Found a transporter.
 18605 | Gauntlet | Found a transporter.
 18624 | Gauntlet | Found a transporter.
 18627 | Gauntlet | Noticed a blizzard demon
 18636 | Gauntlet | Found a transporter.
 18640 | Gauntlet | Noticed a cacodemon
 18642 | Gauntlet | Found a transporter.
 18666 | Gauntlet | Found a transporter.
 18685 | Gauntlet | Found a transporter.
 18690 | Gauntlet | Noticed a tengu warrior
 18712 | Gauntlet | Found a transporter.
 18712 | Gauntlet | Found a transporter.
 18922 | Gauntlet | Killed a death scarab
 18926 | Gauntlet | Slain by a spectral boulder beetle

Vanquished Creatures
  Harold (D:7)
  2 hydras
  A two-headed ogre (D:11)
  A death scarab (Gauntlet)
  The ghost of Borgoz the Carver, a novice HaGl of Ashenzari (D:8)
  Sonja (Lair:1)
  An ugly thing (D:11)
  Joseph (D:7)
  A manticore (D:11)
  A gargoyle (D:10)
  A black mamba (Lair:1)
  8 cane toads
  4 komodo dragons
  2 trolls
  4 blink frogs (Lair:1)
  2 wyverns
  6 yaks (Lair:1)
  Edmund (D:5)
  A steam dragon (D:10)
  3 water moccasins
  Duvessa (D:7)
  8 orc warriors
  An ice beast (D:10)
  2 black bears
  2 phantoms
  2 sky beasts (D:11)
  3 ogres
  2 wolves (D:10)
  4 centaurs
  10 big kobolds
  10 bullfrogs
  A wyvern zombie (D:11)
  Blork the orc (D:4)
  Dowan (D:7)
  A water moccasin skeleton (D:7)
  2 scorpions
  3 killer bees (D:11)
  5 howler monkeys
  6 electric eels
  A bullfrog zombie (D:11)
  2 centaur zombies
  13 orc priests
  2 bullfrog skeletons
  8 hounds
  3 jellies
  2 human zombies (Ossuary)
  Jessica (D:3)
  A centaur skeleton (D:7)
  An iguana (D:11)
  9 worker ants
  Terence (D:2)
  10 orc wizards
  A big kobold zombie (Ossuary)
  A hound zombie (D:5)
  4 hound skeletons
  2 mummies (Ossuary)
  3 worker ant zombies
  6 adders
  2 white imps
  An ufetubus (D:10)
  3 oozes
  4 adder skeletons
  An adder zombie (Ossuary)
  5 worms
  4 dart slugs
  8 leopard geckos
  43 orcs
  10 bats
  7 giant cockroaches
  3 goblins
  6 hobgoblins
  9 jackals
  6 quokkas
  3 ball pythons
  3 frilled lizards
  3 goblin zombies
  9 hobgoblin zombies (Ossuary)
  3 jackal zombies (Ossuary)
  15 kobolds
  11 kobold zombies (Ossuary)
  7 orc zombies (Ossuary)
  6 rats
  A rat zombie (Ossuary)
352 creatures vanquished.

Vanquished Creatures (collateral kills)
  Grum (D:10)
  2 goblins (D:8)
3 creatures vanquished.

Vanquished Creatures (others)
  A dancing weapon (D:10)
  13 fungi
  20 plants
  2 withered plants (Gauntlet)
36 creatures vanquished.

Grand Total: 391 creatures vanquished
